 Dungeon Crawl Stone Soup version 0.20.1-1-g8b1a95d (webtiles) character file.

198 HeyBub the Insei (level 5, -8/40 HPs)
             Began as a Demigod Transmuter on July 16, 2017.
             Killed from afar by Ijyb (12 damage)
             ... with a wand of flame (?/48)
             ... on level 3 of the Dungeon.
             The game lasted 00:06:01 (2378 turns).

HeyBub the Insei (Demigod Transmuter)               Turns: 2378, Time: 00:06:02

Health: -8/40      AC:  4    Str: 15    XL:     5   Next: 22%
Magic:  12/12      EV:  9    Int: 17    God:
Gold:   116        SH:  7    Dex: 16    Spells: 8/9 levels left

rFire    x . .     SeeInvis .   j - +4 war axe
rCold    + . .     Gourm    .   d - +0 shield
rNeg     . . .     Faith    .   e - +0 leather armour
rPois    .         Spirit   .   (no helmet)
rElec    .         Reflect  .   (no cloak)
rCorr    .         Harm     .   (no gloves)
MR       .....                  f - +0 pair of boots
Stlth    +.........             (no amulet)
Regen    0.2/turn               m - ring of ice
MPRegen  0.2/turn               (no ring)

@: very slightly contaminated
A: high mp 1
a: no special abilities


You were on level 3 of the Dungeon.
You were hungry.

You visited 1 branch of the dungeon, and saw 3 of its levels.

You collected 116 gold pieces.

Inventory:

Hand Weapons
 j - a +4 war axe (weapon)
Missiles
 a - 27 arrows
 p - a throwing net (quivered)
Armour
 b - a +0 robe
 d - a +0 shield (worn)
 e - a +0 leather armour (worn)
 f - a +0 pair of boots (worn)
 l - a +2 scale mail of cold resistance
Jewellery
 m - a ring of ice (left hand)
Scrolls
 i - a scroll of identify
 k - a scroll of enchant weapon {unknown}
 n - a scroll of fog {unknown}
Books
 c - a book of Changes

   Spells                             Type                      Level
   a - Beastly Appendage              Transmutation                1
   b - Sticks to Snakes               Transmutation                2
   c - Spider Form                    Transmutation/Poison         3
   d - Ice Form                       Ice/Transmutation            4
   e - Blade Hands                    Transmutation                5
Comestibles
 g - a royal jelly
 o - a bread ration
 q - a meat ration


   Skills:
 + Level 1.2 Fighting
 * Level 2.0 Axes
 + Level 1.1 Armour
 + Level 2.1 Dodging
 + Level 0.2 Stealth
 * Level 0.6 Shields
 - Level 3.4 Unarmed Combat
 + Level 2.8 Spellcasting
 + Level 2.2 Transmutations


You had 8 spell levels left.
You knew the following spells:

 Your Spells              Type           Power        Failure   Level  Hunger
a - Beastly Appendage     Tmut           ##....       50%         1    #......


Dungeon Overview and Level Annotations

Branches:
Dungeon (3/15)

Annotations:
D:3 Ijyb; Zdeegee's ghost, amateur MiFi


Innate Abilities, Weirdness & Mutations

You have an increased reservoir of magic. (+10% MP)


Message History

You kill the jackal!
Your Axes skill increases to level 2!
You hear a shout!
Ijyb the Twisted Goblin comes into view.
She is wielding a dagger.
You start resting.
Ijyb zaps a wand.
You block the puff of flame.
It is a wand of flame (?/48).
Ijyb zaps a wand.
The puff of flame hits you! The fire burns you terribly!
* * * LOW HITPOINT WARNING * * *
You aren't carrying any potions.
Blink to where?
Press: ? - help, Dir - move target cursor You are very lightly contaminated with residual magic.
As you read the scroll labeled ONYSUEKHIEZA, it crumbles to dust.
It was a scroll of blinking.
Things that are here:
a flail; a gnoll skeleton You start resting.
You aren't carrying any items that you can evoke.
Ijyb zaps a wand.
The puff of flame hits you! The fire burns you terribly!
You die...

..<...#
#...###......#
......# #.###
#.....)#
......#
#####.###
########
......#
#....)..#
......#
#.......#
#######
#.....g.#
#..รท....#
#.......#
#.)....@#
#.......#
#.......#
#.......#
#.......#
#########


You could see Ijyb.

Vanquished Creatures
  Jessica (D:2)
  Terence (D:2)
  An adder (D:3)
  3 gnolls (D:3)
  An ooze (D:1)
  5 worms
  5 dart slugs
  3 leopard geckos
  3 bats
  3 giant cockroaches
  10 goblins
  7 hobgoblins
  11 jackals
  A quokka (D:3)
  7 frilled lizards
  6 kobolds
  10 rats
78 creatures vanquished.

Notes
Turn   | Place    | Note
-------+----------+-------------------------------------------
     0 | D:1      | HeyBub the Demigod Transmuter began the quest for the Orb.
     0 | D:1      | Reached XP level 1. HP: 15/15 MP: 5/5
    22 | D:1      | Reached skill level 1 in Fighting
    77 | D:1      | Reached XP level 2. HP: 13/23 MP: 5/7
   277 | D:1      | Reached skill level 3 in Unarmed Combat
   312 | D:1      | Reached XP level 3. HP: 21/28 MP: 5/8
  1060 | D:2      | Noticed Terence
  1070 | D:2      | Killed Terence
  1070 | D:2      | Reached XP level 4. HP: 7/35 MP: 8/10
  1428 | D:2      | Found a faded altar of an unknown god.
  1525 | D:2      | Noticed Jessica
  1533 | D:2      | Killed Jessica
  1533 | D:2      | Reached skill level 1 in Axes
  1555 | D:2      | Found a snail-covered altar of Cheibriados.
  1978 | D:3      | Found a white marble altar of Elyvilon.
  1978 | D:3      | Noticed Zdeegee's ghost (amateur MiFi)
  2044 | D:3      | Reached XP level 5. HP: 12/40 MP: 10/12
  2287 | D:3      | Reached skill level 1 in Armour
  2288 | D:3      | HP: 2/40 [gnoll/club (3)]
  2294 | D:3      | HP: 1/40 [poisoned by an adder]
  2351 | D:3      | Noticed Ijyb
  2355 | D:3      | HP: 1/40 [Ijyb/wand of flame (?/48) (6)]
  2378 | D:3      | Killed from afar by Ijyb

Skill      XL: |  1  2  3  4  5 |
---------------+----------------+-----
Fighting       | 1 |  1.2
Spellcasting   | 2 |  2.8
Transmutations | 2 |  2.2
Unarmed Combat | 3 |  3.4
Dodging        | 2 |  2.1
Axes           | 1 2 |  2.0
Armour         | 1 |  1.1
Stealth        | |  0.2
Shields        | |  0.6

Action                   |  1- 3 |  4- 6 || total
-------------------------+-------+-------++-------
Melee: Unarmed           |   121 |       ||   121
       Kick              |     2 |       ||     2
       Headbutt          |    17 |     3 ||    20
       Punch             |     1 |       ||     1
       War axe           |     7 |    67 ||    74
Throw: Throwing net      |       |     1 ||     1
 Cast: Beastly Appendage |    25 |     3 ||    28
  Use: Potion            |       |     3 ||     3
       Scroll            |       |     3 ||     3
 Stab: Sleeping          |     1 |       ||     1
  Eat: Bread ration      |       |     1 ||     1
Armor: Robe              |     3 |       ||     3
       Leather armour    |    33 |     1 ||    34
       Scale mail        |       |    28 ||    28
Dodge: Dodged            |    93 |    34 ||   127
Block: Shield            |       |    33 ||    33
